 Dungeon Crawl Stone Soup version 0.27-a0-998-g4cfe56dd59 (webtiles) character file.

Game seed: 10652192567130200320

46 Lugonue the Sneak (level 3, -1/28 HPs)
             Began as a Demonspawn Brigand on Apr 16, 2021.
             Was a Follower of Cheibriados.
             Killed by divine providence
             ... invoked by an orc priest
              (13 damage)
             ... on level 2 of the Dungeon.
             The game lasted 00:02:28 (1673 turns).

Lugonue the Sneak (Demonspawn Brigand)              Turns: 1673, Time: 00:02:29

Health: -1/28      AC:  3    Str: 14    XL:     3   Next: 44%
Magic:  3/3        EV: 12    Int: 16    God:    Cheibriados [*.....]
Gold:   87         SH:  0    Dex: 17    Spells: 2/2 levels left

rFire    . . .     SeeInvis .   a - +2 dagger
rCold    . . .     Faith    .   (no shield)
rNeg     . . .     Spirit   .   b - +0 robe
rPois    .         Reflect  .   (no helmet)
rElec    .         Harm     .   c - +0 cloak
rCorr    .         Rampage  .   (no gloves)
Will     .....                  (no boots)
Stlth    +++.......             (no amulet)
HPRegen  0.09/turn              (no ring)
MPRegen  0.08/turn              (no ring)

@: hasted, quick
A: talons 1, foul stench 1
a: Renounce Religion, Bend Time


You were on level 2 of the Dungeon.
You worshipped Cheibriados.
Cheibriados was aware of your devotion.
You visited 1 branch of the dungeon, and saw 2 of its levels.

You collected 87 gold pieces.

Inventory:

Hand Weapons
 a - a +2 dagger (weapon)
Missiles
 d - 8 poisoned darts (quivered)
 e - 2 curare-tipped darts
 l - 3 atropa-tipped darts
Armour
 b - a +0 robe (worn)
 c - a +0 cloak (worn)
Scrolls
 g - a scroll of noise {unknown}
 i - a scroll of teleportation {unknown}
 j - a scroll of identify {unknown}
Potions
 f - a potion of haste
 h - a potion of flight {unknown}
 k - a potion of mutation {unknown}


   Skills:
 + Level 2.4 Fighting
 + Level 1.8 Short Blades
 + Level 1.9 Throwing
 + Level 1.3 Dodging
 + Level 4.4 Stealth


You had 2 spell levels left.
You didn't know any spells.
Your spell library contained the following spells:

 Spells                   Type           Power      Damage    Failure   Level
 Confusing Touch          Hex            0%         N/A       58%         3
 Gell's Gravitas          Tloc           0%         N/A       58%         3
 Petrify                  Tmut/Erth      0%         N/A       94%         4
 Metabolic Englaciation   Hex/Ice        0%         N/A       100%        5
 Yara's Violent Unravell  Hex/Tmut       0%         3d3       100%        5


Dungeon Overview and Level Annotations

Branches:
Dungeon (2/15)

Altars:
Cheibriados

Annotations:
D:2 Robin


Innate Abilities, Weirdness & Mutations

You have sharp toenails.
You may rarely emit foul miasma when damaged in melee.


Message History

You now have 78 gold pieces (gained 12).
You now have 87 gold pieces (gained 9).
There is a dry fountain here.
Things that are here:
a +0 short sword; 5 stones; a kobold corpse You see here a rat corpse.
You see here 22 arrows.
You open the door.
Found a stone staircase leading up.
Okay, then. 2 orcs come into view.
There are monsters nearby!
There are monsters nearby! 2 orcs come into view.
An orc is wielding a +3 dagger of protection.
An adder and an orc priest come into view.
The orc shouts!
The adder hisses angrily.
You hear an angry hiss.
You hear a shout!
The orc hits you but does no damage.
The goblin shouts!
The hobgoblin shouts!
The goblin shouts! x2
The orc shouts! x2
You hit the orc.
The orc is lightly wounded.
You hear an angry hiss.
A ball python comes into view.
The orc hits you with a +0 hand axe.
An adder comes into view.
The orc hits you with a +0 hand axe.
You closely miss the orc.
The adder hisses angrily.
You claw the orc.
The orc is lightly wounded.
You hear a shout!
The orc hits you with a +0 hand axe.
It was a potion of haste.
You feel yourself speed up.
Cheibriados forgives your accidental hurry, just this once.
The orc hits you with a +0 hand axe.
The orc priest mumbles some strange prayers to Beogh against you.
Beogh smites you!
You die...

#..#######.###.........#
##...#####..))...#.#..##
.###....#####.........#
...####)..............#
.###....#####.......#.#
##...#### ###.......#
#..### ####....# #.##
#######.### ..#
#So.@...# .## #o#######
.# ..S..So.# .#
....ggo.# ## .......## #
...S... # g.g##.# # ...
.. # .. ...


You could see an orc priest, an adder and an orc.

Vanquished Creatures
  A worm (D:2)
  A dart slug (D:1)
  A bat (D:2)
  An endoplasm (D:1)
  4 giant cockroaches (D:1)
  5 hobgoblins (D:1)
  A quokka (D:2)
  3 ball pythons
  4 frilled lizards
  6 goblins (D:1)
  5 kobolds
  6 rats
38 creatures vanquished.

Notes
Turn   | Place    | Note
-------+----------+-------------------------------------------
     0 | D:1      | Lugonue the Demonspawn Brigand began the quest for the Orb.
     0 | D:1      | Reached XP level 1. HP: 16/16 MP: 1/1
   171 | D:1      | Gained mutation: You may rarely emit foul miasma when
                  | damaged in melee. [demonic ancestry]
   171 | D:1      | Reached XP level 2. HP: 23/23 MP: 2/2
   236 | D:1      | Reached skill level 4 in Stealth
   263 | D:1      | Reached skill level 1 in Dodging
   784 | D:1      | Found a faded altar of an unknown god.
   787 | D:1      | Became a worshipper of Cheibriados the Contemplative
   787 | D:1      | Reached * piety under Cheibriados
  1100 | D:1      | Gained mutation: You have sharp toenails. [demonic
                  | ancestry]
  1100 | D:1      | Reached XP level 3. HP: 28/28 MP: 3/3
  1152 | D:2      | Noticed Robin
  1673 | D:2      | Killed from afar by an orc priest

Illustrated notes

Levels and vault maps discovered:
D:1:      scummos_arrival_simple_fountains, layout_basic,
          basic_ecumenical_altar, minmay_tripent
D:2:      minmay_general_purpose_star, layout_basic, uniq_robin

Skill      XL: |  1  2 |
---------------+-------+-----
Stealth        | 4 |  4.4
Dodging        | 1 |  1.3
Fighting       | |  2.4
Short Blades   | |  1.8
Throwing       | |  1.9

Action                   || total
-------------------------++-------
Melee: Dagger            ||    96
       Kick              ||     9
  Use: Potion            ||     1
 Stab: Sleeping          ||     9
Armor: Robe              ||    22
Dodge: Dodged            ||    58

Table legend: (Time is in decaauts)
 A = Elapsed time spent in this place.
 B = Non-inter-level travel time spent in this place.
 C = Inter-level travel time spent in this place.
 D = Time resting spent in this place.
 E = Time spent auto-exploring this place.
 F = Levels seen in this place.
 G = Mean time per level.
                   A        B        C        D        E       F      G
               +--------+--------+--------+--------+--------+-----+--------+
         Total |   1814 |   1715 |     99 |      0 |   1422 |   2 |  907.0 |
       Dungeon |   1814 |   1715 |     99 |      0 |   1422 |   2 |  907.0 |
               +--------+--------+--------+--------+--------+-----+--------+

Top non-repeatable levels by time:
     D:1: 1324 daAuts
     D:2: 490 daAuts
